 Dungeon Crawl Stone Soup version 0.20-a0-640-g62ed22f (webtiles) character file.

870 Kidiri the Magician (level 7, -10/38 HPs)
             Began as a Deep Elf Fire Elementalist on Feb 12, 2017.
             Killed from afar by a big kobold (48 damage)
             ... with an exploding inner flame
             ... hexed by the player character
             ... in a sewer.
             The game lasted 00:18:03 (3992 turns).

Kidiri the Magician (Deep Elf Fire Elementalist)    Turns: 3992, Time: 00:18:04

Health: -10/38     AC:  4    Str:  5    XL:     7   Next: 73%
Magic:  19/29      EV: 13    Int: 22    God:
Gold:   103        SH:  0    Dex: 15    Spells: 3/21 levels left

rFire    . . .     SeeInvis .   d - +3 short sword (flame)
rCold    . . .     Gourm    .   a - +2 robe
rNeg     . . .     Faith    .   (no shield)
rPois    .         Spirit   .   (no helmet)
rElec    .         Reflect  .   (no cloak)
rCorr    .         Harm     .   (no gloves)
MR       .....                  (no boots)
Stlth    ++........             (no amulet)
Regen    0.2/turn               (no ring)
MPRegen  0.3/turn               o - ring of magical power

@: no status effects
A: no striking features
a: no special abilities


You were in a sewer.
You were not hungry.

You visited 1 branch of the dungeon, and saw 4 of its levels.
You also visited: Sewer.

You collected 103 gold pieces.

Inventory:

Hand Weapons
 d - a +3 short sword of flaming (weapon)
 k - a +2 short sword of holy wrath
Armour
 a - a +2 robe (worn)
Jewellery
 o - a ring of magical power (left hand)
Scrolls
 l - a scroll of amnesia
 p - a scroll of fear {unknown}
Potions
 e - 3 potions of lignification
 g - a potion of might
 h - a potion of agility
 i - 2 potions of curing
 n - a potion of ambrosia {unknown}
 q - a potion of berserk rage {unknown}
 r - a potion of haste {unknown}
Books
 b - a book of Flames

   Spells                             Type                      Level
   a - Flame Tongue                   Conjuration/Fire             1
   b - Throw Flame                    Conjuration/Fire             2
   c - Conjure Flame                  Conjuration/Fire             3
   d - Inner Flame                    Hexes/Fire                   3
   e - Sticky Flame                   Conjuration/Fire             4
   f - Fireball                       Conjuration/Fire             5
Comestibles
 c - 5 bread rations
 f - 3 fruits
 j - 6 chunks of flesh
 m - 2 royal jellies


   Skills:
 + Level 1.2 Fighting
 + Level 2.1 Short Blades
 + Level 1.2 Armour
 + Level 3.3 Dodging
 - Level 2.4 Stealth
 * Level 7.7 Spellcasting
 + Level 4.5 Conjurations
 + Level 5.1 Fire Magic


You had 3 spell levels left.
You knew the following spells:

 Your Spells              Type           Power        Failure   Level  Hunger
a - Flame Tongue          Conj/Fire      ####.        1%          1    None
b - Throw Flame           Conj/Fire      ####..       1%          2    None
c - Conjure Flame         Conj/Fire      ####....     3%          3    None
d - Inner Flame           Hex/Fire       ###.....     12%         3    None
e - Sticky Flame          Conj/Fire      ####....     12%         4    ###....
f - Fireball              Conj/Fire      ####......   34%         5    #####..


Dungeon Overview and Level Annotations

Branches:
Dungeon (4/15)
 Temple: D:4-7

Altars:
Ashenzari
Elyvilon
Hepliaklqana
Trog
Yredelemnul
The Shining One


Message History

The big kobold is filled with an inner flame.
Casting: Inner Flame
Confirm with . or Enter, or press ? or * to list all spells.
Aiming: Flame Tongue
Press: ? - help, Shift-Dir - straight line, f/p - big kobold
Aim: a big kobold, wielding a whip (inner flame)
The flame tongue misses the big kobold.
The flame tongue misses the kobold.
The big kobold is engulfed in a cloud of scalding steam.
Casting: Flame Tongue
Confirm with . or Enter, or press ? or * to list all spells.
Aiming: Flame Tongue
Press: ? - help, Shift-Dir - straight line, f/p - big kobold
Aim: a big kobold, wielding a whip (flame, moderately wounded, inner flame)
The flame tongue hits the big kobold.
The big kobold is heavily wounded.
The big kobold is engulfed in blazing flames.
The big kobold explodes!
The fiery explosion engulfs you!
Ouch! That really hurt!
You die...

##### #### ### ##...##
##≈..
#....#####.....#####..≈.
#..K§§@.(≈≈...≈÷≈≈≈.≈..
#≈!≈#####.≈≈..#####..≈.
## ##...## ##..≈ ##≈##
##≈# #≈# #≈# #≈# #≈#
##### ##≈## ##≈# ##..≈##
##.≈≈## ##...
#≈.≈.≈####≈.≈..#####...∩


You could see a kobold.

Vanquished Creatures
  Grinder (D:3)
  Sigmund (D:2)
  An ogre (D:4)
  A centaur (D:3)
  A hound (D:3)
  2 worker ants (D:4)
  3 gnolls (D:2)
  10 adders
  2 river rats (Sewer)
  2 oozes
  4 worms
  4 leopard geckos
  5 orcs (D:3)
  4 bats
  4 giant cockroaches
  8 goblins
  11 hobgoblins
  6 jackals
  5 kobolds
  2 quokkas (D:2)
  4 ball pythons
  5 frilled lizards
  10 rats
96 creatures vanquished.

Notes
Turn   | Place    | Note
-------+----------+-------------------------------------------
     0 | D:1      | Kidiri the Deep Elf Fire Elementalist began the quest for the Orb.
     0 | D:1      | Reached XP level 1. HP: 10/10 MP: 6/6
   444 | D:1      | Reached XP level 2. HP: 15/15 MP: 6/8
   448 | D:1      | Learned a level 2 spell: Throw Flame
   963 | D:2      | Reached skill level 4 in Spellcasting
   973 | D:2      | Reached XP level 3. HP: 12/19 MP: 10/10
   978 | D:2      | Learned a level 3 spell: Conjure Flame
   982 | D:2      | Learned a level 3 spell: Inner Flame
  1277 | D:2      | Reached XP level 4. HP: 24/24 MP: 12/12
  1415 | D:2      | Found a bloodstained altar of Trog.
  1455 | D:2      | Noticed Sigmund
  1467 | D:2      | Killed Sigmund
  1467 | D:2      | Reached skill level 6 in Spellcasting
  1467 | D:2      | Reached XP level 5. HP: 28/28 MP: 4/15
  1467 | D:2      | Reached XP level 6. HP: 32/32 MP: 4/17
  1473 | D:2      | Learned a level 4 spell: Sticky Flame
  2435 | D:3      | Learned a level 5 spell: Fireball
  2781 | D:3      | Found a glowing golden altar of the Shining One.
  2782 | D:3      | Found a hazy altar of Hepliaklqana.
  2785 | D:3      | Found a white marble altar of Elyvilon.
  2788 | D:3      | Found a shattered altar of Ashenzari.
  2789 | D:3      | Found a basalt altar of Yredelemnul.
  2935 | D:3      | Reached skill level 1 in Short Blades
  3040 | D:3      | Noticed Grinder
  3369 | D:3      | Paralysed by Grinder for 4 turns
  3373 | D:3      | Killed Grinder
  3373 | D:3      | Reached skill level 1 in Fighting
  3373 | D:3      | Reached skill level 1 in Armour
  3373 | D:3      | Reached skill level 7 in Spellcasting
  3373 | D:3      | Reached skill level 5 in Fire Magic
  3373 | D:3      | Reached XP level 7. HP: 16/38 MP: 17/19
  3763 | D:4      | Found a glowing drain.
  3767 | Sewer    | Entered a sewer
  3992 | Sewer    | Killed from afar by a big kobold

Vault maps used:
D:1:      elethiomel_arrival_fortress_basement
D:2:      old_standard_altar, uniq_sigmund
D:3:      grunt_temple_overflow_open, first_bread, uniq_grinder
D:4:      kennysheep_little_box, gup_sewer_entry_spiral
Sewer:    sewer_co_15_rooms

Skill      XL: |  1  2  3  4  5  6  7 |
---------------+----------------------+-----
Spellcasting   | 4 6 7 |  7.7
Conjurations   | 2 3 4 |  4.5
Fire Magic     | 4 5 |  5.1
Short Blades   | 1 2 |  2.1
Fighting       | 1 |  1.2
Armour         | 1 |  1.2
Dodging        | 3 |  3.3
Stealth        | |  2.4

Action                   |  1- 3 |  4- 6 |  7- 9 || total
-------------------------+-------+-------+-------++-------
Melee: Short sword       |    27 |    70 |     8 ||   105
 Cast: Flame Tongue      |    27 |    45 |    15 ||    87
       Throw Flame       |     2 |     2 |    10 ||    14
       Conjure Flame     |     2 |     1 |     1 ||     4
       Inner Flame       |     1 |     2 |     2 ||     5
       Sticky Flame      |       |     5 |     1 ||     6
       Fireball          |       |       |     2 ||     2
  Use: Scroll            |     3 |     8 |     1 ||    12
       Potion            |       |     1 |       ||     1
 Stab: Sleeping          |     7 |     6 |       ||    13
  Eat: Chunk             |     1 |     7 |     3 ||    11
Armor: Robe              |     3 |    21 |       ||    24
Dodge: Dodged            |    28 |    65 |    10 ||   103
